 Dungeon Crawl Stone Soup version 0.28-a0-1190-g77e1c55843 (webtiles) character file.

Game seed: 18292823932610370443

449 ChaosChampion the Ruffian (level 6, -13/51 HPs)
             Began as a Draconian Transmuter on Dec 17, 2021.
             Was a High Priest of Ignis.
             Mangled by a shadow (27 damage)
             ... on level 5 of the Dungeon.
             The game lasted 00:06:17 (4972 turns).

ChaosChampion the Ruffian (Draconian Transmuter)    Turns: 4972, Time: 00:06:18

Health: -13/51     AC:  7    Str: 13    XL:     6   Next: 74%
Magic:  9/10       EV: 12    Int: 15    God:    Ignis [*****.]
Gold:   106        SH:  0    Dex: 11    Spells: 5/11 levels left

rFire   + . .      SeeInvis .     - Unarmed
rCold   . . .      Faith    .   (no shield)
rNeg    . . .      Spirit   .   (armour unavailable)
rPois   .          Reflect  .   (helmet restricted)
rElec   .          Harm     .   h - +0 cloak
rCorr   .          Rampage  .   (no gloves)
Will    .....                   (no boots)
Stlth   +.........              (no amulet)
HPRegen 0.17/turn               (no ring)
MPRegen 0.12/turn               (no ring)

@: no status effects
A: AC +6, unfitting armour, cold-blooded
a: Renounce Religion, Fiery Armour, Foxfire Swarm, Rising Flame


You were on level 5 of the Dungeon.
You worshipped Ignis.
Ignis was extremely pleased with you.
You visited 1 branch of the dungeon, and saw 5 of its levels.

You collected 106 gold pieces.

Inventory:

Armour
 e - a +0 tower shield
 h - a +0 cloak (worn)
 p - a scarf of harm
Wands
 q - a wand of digging (6)
Scrolls
 a - 3 scrolls of identify {unknown}
 b - 2 scrolls of vulnerability {unknown}
 g - a scroll of noise {unknown}
 l - a scroll of teleportation {unknown}
 m - a scroll of immolation {unknown}
 n - a scroll of magic mapping {unknown}
Potions
 c - a potion of curing {unknown}
 d - a potion of lignification {unknown}
 f - a potion of flight {unknown}
 i - a potion of might {unknown}
 j - a potion of brilliance {unknown}
 k - a potion of magic {unknown}
 o - a potion of mutation {unknown}
 r - a potion of degeneration {unknown}


   Skills:
 + Level 3.1 Fighting
 + Level 3.1 Dodging
 * Level 4.4 Unarmed Combat
 + Level 3.2 Spellcasting
 + Level 3.3 Transmutations
 * Level 2.1 Poison Magic


You had 5 spell levels left.
You knew the following spells:

 Your Spells              Type           Power      Damage    Failure   Level
a - Beastly Appendage     Tmut           24%        N/A       4%          1
b - Wereblood             Tmut           12%        N/A       8%          2
c - Spider Form           Tmut/Pois      10%        N/A       19%         3

Your spell library contained the following spells:

 Spells                   Type           Power      Damage    Failure   Level
 Sublimation of Blood     Necr           2%         N/A       30%         2
 Ice Form                 Ice/Tmut       7%         N/A       69%         4
 Summon Hydra             Summ           1%         N/A       100%        7


Dungeon Overview and Level Annotations

Branches:
Dungeon (4/15)
 Temple: D:4-7

Altars:
Ignis

Shops:
D:4 [


Innate Abilities, Weirdness & Mutations

Your plain brown scales are hard. (AC +6)
You cannot fit into any form of body armour.
You are cold-blooded and may be slowed by cold attacks.


Message History

The centaur skeleton kicks you but does no damage.
You punch the centaur skeleton!
You destroy the centaur skeleton!
No target in view!
No target in view!
No target in view!
You see here a +0 spear.
A shadow comes into view.
The shadow slips into darkness.
The shadow flickers and vanishes!
Deactivating autopickup; reactivate with Ctrl-A.
There is a strange disturbance nearby!
There is a strange disturbance nearby!
The shadow strikes at you from the darkness!
Reactivating autopickup.
The shadow slips into darkness.
The shadow flickers and vanishes!
Deactivating autopickup; reactivate with Ctrl-A.
There is a stone staircase leading down here.
The shadow strikes at you from the darkness!
Reactivating autopickup.
Casting: Beastly Appendage (safe; 4% risk of failure)
Confirm with . or Enter, or press ? or * to list all spells.
You turn into a venomous arachnid creature.
Your +0 cloak melds into your body.
The shadow hits you!
You hit the shadow.
The shadow is lightly damaged.
You hit the shadow but do no damage.
The shadow is lightly damaged.
The shadow hits you!
* * * LOW HITPOINT WARNING * * *
Your transformation is almost over.
The shadow slips into darkness.
The shadow flickers and vanishes!
Deactivating autopickup; reactivate with Ctrl-A.
Your transformation has ended.
Your +0 cloak unmelds from your body.
The shadow strikes at you from the darkness!
Ouch! That really hurt!
You die...

............ ##....# #....##.....
#.#####....# #..##.<...##.##.....
#..# #...###.## #.### #..##....
#..# #..)##..# ..# #..#...# ##.#
##...)...# #....####..#...#
.#.####<..####..#.. ............#
....#.....# ##..<# #...........#
......###.# #..## ##..........#
.....## #..# ##.@## ##.....##..#
......# ##.# #..{.## ###....#....
.......# #.....#...###...........
........##...####......####..###.
........#....# #...#### ##.# #
..........#... ##...# #..#
.........# #..##....## #..#
#..#.....### #..#
#.........####.##


There were no monsters in sight!

Vanquished Creatures
  A water moccasin zombie (D:5)
  A water moccasin skeleton (D:5)
  A hound (D:5)
  Crazy Yiuf (D:2)
  2 centaur skeletons
  3 iguanas
  A hound skeleton (D:5)
  3 gnolls (D:3)
  3 adders
  An ufetubus (D:5)
  3 dart slugs
  5 orcs
  7 bats
  5 endoplasms
  2 giant cockroaches
  3 goblins
  11 hobgoblins
  3 jackals (D:1)
  3 kobolds
  3 quokkas
  2 ball pythons (D:1)
  3 frilled lizards (D:2)
  9 rats
76 creatures vanquished.

Notes
Turn   | Place    | Note
-------+----------+-------------------------------------------
     0 | D:1      | ChaosChampion the Draconian Transmuter began the quest for
                  | the Orb.
     0 | D:1      | Reached XP level 1. HP: 16/16 MP: 3/3
   367 | D:1      | Reached XP level 2. HP: 23/23 MP: 5/5
  1046 | D:1      | Found a faded altar of an unknown god.
  1157 | D:1      | Prayed at the altar of an unknown god.
  1157 | D:1      | Became a worshipper of Ignis, the Dying Flame
  1205 | D:2      | Reached XP level 3. HP: 15/29 MP: 6/6
  1773 | D:2      | Learned a level 2 spell: Wereblood
  1996 | D:2      | Reached XP level 4. HP: 6/36 MP: 5/7
  2409 | D:2      | Found a runed translucent door.
  2410 | D:2      | Noticed Crazy Yiuf
  2422 | D:2      | Killed Crazy Yiuf
  3256 | D:3      | Reached XP level 5. HP: 29/42 MP: 7/9
  3542 | D:3      | Learned a level 3 spell: Spider Form
  4115 | D:4      | Found Axzod's Armour Shoppe.
  4140 | D:4      | You fall into a shaft and drop 1 floor!
  4140 | D:5      | Entered Level 5 of the Dungeon
  4156 | D:5      | Reached skill level 1 in Poison Magic
  4171 | D:5      | Reached skill level 4 in Unarmed Combat
  4171 | D:5      | Reached XP level 6. HP: 34/50 MP: 3/10
  4934 | D:5      | Noticed a shadow
  4972 | D:5      | Mangled by a shadow

Illustrated notes

Levels and vault maps discovered:
D:1:      dpeg_arrival_three_same_balls, layout_rooms,
          dilly_ecumenical_altar_fadedgnrine, serial_rivers,
          chequers_serial_rivers_small_b, chequers_serial_rivers_micro_b,
          chequers_serial_rivers_small_b, chequers_serial_rivers_micro_a,
          chequers_serial_rivers_large_b, chequers_serial_rivers_small_3
D:2:      layout_loops_ring, nrook_mini_backslash, uniq_crazy_yiuf_cottage
D:3:      layout_loops_ring, kennysheep_generic_room_4
D:4:      layout_cave_pods, serial_shops, shop, minmay_tree_intersection,
          nicolae_shop_clearance
D:5:      layout_layer_cave

Skill      XL: |  1  2  3  4  5  6 |
---------------+-------------------+-----
Dodging        | 2 3 |  3.1
Fighting       | 2 3 |  3.1
Transmutations | 3 |  3.3
Spellcasting   | 3 |  3.2
Poison Magic   | 1 2 |  2.1
Unarmed Combat | 4 |  4.4

Action                   |  1- 3 |  4- 6 || total
-------------------------+-------+-------++-------
Melee: Unarmed           |   131 |   202 ||   333
       Tailslap          |    12 |    28 ||    40
       Kick              |     4 |    17 ||    21
       Headbutt          |     2 |     9 ||    11
       Punch             |       |     1 ||     1
 Cast: Beastly Appendage |     4 |    11 ||    15
       Wereblood         |       |     3 ||     3
       Spider Form       |       |     2 ||     2
 Stab: Sleeping          |       |     2 ||     2
Armor: Skin              |    52 |    69 ||   121
Dodge: Dodged            |    86 |   147 ||   233

Table legend: (Time is in decaauts)
 A = Elapsed time spent in this place.
 B = Non-inter-level travel time spent in this place.
 C = Inter-level travel time spent in this place.
 D = Time resting spent in this place.
 E = Time spent auto-exploring this place.
 F = Levels seen in this place.
 G = Mean time per level.
                   A        B        C        D        E       F      G
               +--------+--------+--------+--------+--------+-----+--------+
         Total |   5009 |   4928 |     81 |    304 |   3890 |   5 | 1001.8 |
       Dungeon |   5009 |   4928 |     81 |    304 |   3890 |   5 | 1001.8 |
               +--------+--------+--------+--------+--------+-----+--------+

Top non-repeatable levels by time:
     D:2: 1984 daAuts
     D:1: 1247 daAuts
     D:3: 898 daAuts
     D:5: 823 daAuts
     D:4: 55 daAuts
